 Dungeon Crawl Stone Soup version 0.27.0-1-g7a089689b8 (webtiles) character file.

Game seed: 18408561352025972533

20401 dtburroughs the Fighter (level 12, -13/110 HPs)
             Began as a Minotaur Berserker on Aug 11, 2021.
             Was a High Priest of Trog.
             Killed from afar by Jorgrun (19 damage)
             ... with an iron shot
             ... while petrified by Jorgrun
             ... on level 11 of the Dungeon.
             The game lasted 00:33:53 (20893 turns).

dtburroughs the Fighter (Minotaur Berserker)       Turns: 20893, Time: 00:33:53

Health: -13/110    AC: 17    Str: 22    XL:     12   Next: 45%
Magic:  11/11      EV: -1    Int:  7    God:    Trog [*****.]
Gold:   920        SH:  0    Dex: 12    Spells: 11/11 levels left

rFire    . . .     SeeInvis +   k - +4 broad axe
rCold    . . .     Faith    +   b - +0 kite shield
rNeg     + + +     Spirit   .   h - +0 plate armour
rPois    ∞         Reflect  .   (helmet restricted)
rElec    .         Harm     .   C - scarf {repulsion}
rCorr    +         Rampage  .   q - +0 pair of gloves
Will     .....                  j - +0 pair of boots
Stlth    ..........             B - amulet of faith
HPRegen  0.28/turn              m - ring of resist corrosion
MPRegen  0.12/turn              E - ring of see invisible

@: petrified, grasped by roots, constricted, repel missiles
A: horns 2, retaliatory headbutt
a: Renounce Religion, Berserk, Trog's Hand, Brothers in Arms


You were on level 11 of the Dungeon.
You worshipped Trog.
Trog was extremely pleased with you.
You visited 2 branches of the dungeon, and saw 14 of its levels.
You also visited: Sewer and Bailey.

You collected 920 gold pieces.

Inventory:

Hand Weapons
 k - a +4 broad axe (weapon)
 y - a +4 morningstar
 M - a +2 broad axe
Missiles
 A - a throwing net (quivered)
Armour
 b - a +0 kite shield (worn)
 h - a +0 plate armour (worn)
 j - a +0 pair of boots (worn)
 q - a +0 pair of gloves (worn)
 C - a scarf of repulsion (worn)
Jewellery
 a - a ring of protection from fire
 d - a ring of flight
 m - a ring of resist corrosion (left hand)
 B - an amulet of faith (around neck)
 E - a ring of see invisible (right hand)
 Q - a ring of protection from fire
Wands
 n - a wand of acid (20)
 r - a wand of polymorph (7)
 s - a wand of mindburst (13)
 v - a wand of paralysis (10)
 N - a wand of flame (18)
Scrolls
 c - 2 scrolls of silence
 f - 8 scrolls of teleportation
 g - a scroll of enchant armour {unknown}
 o - 5 scrolls of fog
 p - a scroll of vulnerability {unknown}
 w - a scroll of blinking {unknown}
 D - 2 scrolls of enchant weapon {unknown}
 G - 2 scrolls of fear {unknown}
 H - 4 scrolls of magic mapping {unknown}
 O - a scroll of identify
 P - a scroll of torment {unknown}
Potions
 e - 3 potions of haste
 i - 4 potions of heal wounds
 l - 5 potions of lignification
 t - 2 potions of magic
 u - 3 potions of flight
 x - 3 potions of ambrosia
 z - 2 potions of curing
 F - 2 potions of attraction {unknown}
 I - 4 potions of cancellation
 K - a potion of might
 L - a potion of invisibility {unknown}
Miscellaneous
 J - a box of beasts


   Skills:
 + Level 11.1 Fighting
 + Level 11.0 Axes
 + Level 10.9 Armour
 + Level 9.9 Dodging
 + Level 10.1 Shields
 + Level 6.8 Evocations


You had 11 spell levels left.
You didn't know any spells.
Your spell library was empty.

Dungeon Overview and Level Annotations

Branches:
Dungeon (12/15)            Temple (0/1) D:4            Lair (2/6) D:10
    Orc (0/2) D:12          Sewer (visited)          Bailey (visited)
  Swamp: Lair:2-4    Shoals: Lair:2-4     Snake: Lair:2-4    Spider: Lair:2-4

Altars:
Nemelex Xobeh
Qazlal
Uskayaw
Wu Jian

Shops:
D:1 !   D:7 *

Annotations:
D:7 3 runed translucent doors, lukano's ghost, novice MiBe
D:10 2 runed translucent doors
D:11 Jorgrun
Lair:2 exclusion: oklob plant


Innate Abilities, Weirdness & Mutations

You have a pair of horns on your head.
You reflexively headbutt those who attack you in melee.


Message History

You barely miss the two-headed ogre. You headbutt the two-headed ogre.
The two-headed ogre is heavily wounded.
The two-headed ogre hits you with a +0 giant spiked club!
The two-headed ogre completely misses you.
Jorgrun shouts!
The orc warrior throws a stone.
The stone barely misses you.
You hit Jorgrun.
Jorgrun is lightly wounded.
Jorgrun points at you and mumbles some strange words.
The iron shot hits you!!
A howler monkey comes into view.
You block the two-headed ogre's attack. x2
Jorgrun hits you with a +0 vorpal quarterstaff!
Jorgrun misses you.
There is a stone staircase leading up here.
The howler monkey hoots and howls with incredible vigour!
Jorgrun points at you and mumbles some strange words.
You are slowing down.
You hear a howl! x2; You hear an angry buzzing noise. x4; You hear a shout! x2
You climb upwards.
You have turned to stone.
Jorgrun points at you and mumbles some strange words.
Roots burst forth from the earth!
The grasping roots grab you! The grasping roots constrict you!
Jorgrun hits you but does no damage. The grasping roots constrict you!
Jorgrun hits you with a +0 vorpal quarterstaff!
* * * LOW HITPOINT WARNING * * *
x3 The grasping roots constrict you!!
Jorgrun hits you with a +0 vorpal quarterstaff.
* * * LOW HITPOINT WARNING * * *
x2 The grasping roots constrict you.
Jorgrun hits you but does no damage.
* * * LOW HITPOINT WARNING * * *
The grasping roots constrict you!
Jorgrun hits you with a +0 vorpal quarterstaff!
* * * LOW HITPOINT WARNING * * *
The grasping roots constrict you.
Jorgrun points at you and mumbles some strange words.
The iron shot hits you!!!
You die...

........# ........#
........################
.......................##########
.....<..)........................
........###'###..................
.......)'.....#..................
........#.....#..g...............
........#.....#.@###....#########
.######.#.....#..'.###'##........
.)....#.#.....#..#.........>.....
.#))..#.#.....#..'.............##
.#....#.#.....#..#.............#.
##....#.#######..#.............#.
.....##..........#.............#.
.....#..(#######.#.............#.
##'####..#.....#.#.............#.


You could see Jorgrun.

Vanquished Creatures
  A centaur warrior (D:11)
  5 two-headed ogres
  A cyclops (D:11)
  3 gargoyles
  4 cane toads
  An unseen horror (D:11)
  3 komodo dragons
  A troll (D:11)
  2 wraiths (D:11)
  21 yaks
  4 wyverns
  2 basilisks
  4 vampire mosquitoes (D:11)
  Menkaure (D:7)
  9 water moccasins
  An acid dragon (D:10)
  7 orc warriors
  2 ice beasts
  A sky beast (D:5)
  A hornet zombie (D:7)
  5 black bears
  2 ogres (D:5)
  A necrophage (D:7)
  4 wolves
  2 phantoms (D:6)
  5 centaurs
  2 kobold brigands
  7 bullfrogs
  A wyvern zombie (D:8)
  A gnoll sergeant (D:6)
  2 scorpions
  A water moccasin zombie (D:6)
  3 water moccasin skeletons
  12 wights
  10 killer bees
  3 centaur zombies
  2 bullfrog zombies
  6 hounds
  5 orc priests
  A gnoll shaman (D:8)
  A centaur skeleton (D:3)
  2 bullfrog skeletons
  4 iguanas
  9 orc wizards
  Natasha (thrice) (D:2)
  A howler monkey zombie (D:9)
  A howler monkey skeleton (D:6)
  22 gnolls
  14 adders
  An ufetubus (D:5)
  2 worms
  2 dart slugs (D:1)
  38 orcs
  19 ball pythons
  15 endoplasms
  11 giant cockroaches
  4 goblins
  22 hobgoblins
  6 jackals (D:1)
  21 quokkas
  4 bats
  13 frilled lizards
  27 kobolds
  6 rats
397 creatures vanquished.

Vanquished Creatures (collateral kills)
  A boulder beetle (Lair:2)
  A manticore (D:12)
  3 killer bees (D:7)
5 creatures vanquished.

Vanquished Creatures (others)
  7 fungi
  45 plants
52 creatures vanquished.

Grand Total: 454 creatures vanquished

Notes
Turn   | Place    | Note
-------+----------+-------------------------------------------
     0 | D:1      | dtburroughs the Minotaur Berserker began the quest for the
                  | Orb.
     0 | D:1      | Reached XP level 1. HP: 19/19 MP: 0/0
   187 | D:1      | Reached XP level 2. HP: 21/27 MP: 1/1
   729 | D:1      | Found Tarchuove's Distillery.
   792 | D:1      | Reached XP level 3. HP: 30/33 MP: 2/2
  1006 | D:1      | Reached ** piety under Trog
  1673 | D:2      | Noticed Natasha
  1689 | D:2      | Killed Natasha
  1690 | D:2      | Reached XP level 4. HP: 41/41 MP: 3/3
  1703 | D:2      | Noticed Natasha
  1712 | D:2      | Killed Natasha
  2182 | D:2      | Noticed Natasha
  2192 | D:2      | Killed Natasha
  2193 | D:2      | Reached XP level 5. HP: 47/47 MP: 4/4
  2562 | D:3      | Found a stormy altar of Qazlal.
  2562 | D:3      | Noticed a fire elemental
  2659 | D:3      | Reached skill level 1 in Shields
  2781 | D:3      | Noticed a water elemental
  2781 | D:3      | Noticed an air elemental
  2835 | D:3      | Found a glowing drain.
  2873 | Sewer    | Entered a sewer
  2880 | Sewer    | Reached *** piety under Trog
  3097 | Sewer    | Reached skill level 5 in Fighting
  3234 | Sewer    | Reached XP level 6. HP: 50/56 MP: 5/5
  3296 | Sewer    | Reached skill level 5 in Axes
  3370 | Sewer    | Reached **** piety under Trog
  3943 | D:4      | Found a staircase to the Ecumenical Temple.
  4269 | D:4      | Found a sparkling altar of Nemelex Xobeh.
  4322 | D:4      | Reached XP level 7. HP: 48/61 MP: 6/6
  4646 | D:4      | Found an ornate altar of the Wu Jian Council.
  4646 | D:4      | Found a hide-covered altar of Uskayaw.
  4709 | D:4      | Reached skill level 5 in Armour
  5024 | D:5      | Entered Level 5 of the Dungeon
  5293 | D:5      | Reached skill level 5 in Dodging
  5294 | D:5      | Reached XP level 8. HP: 70/70 MP: 7/7
  6591 | D:6      | Reached ***** piety under Trog
  6630 | D:6      | Reached skill level 5 in Shields
  6669 | D:6      | Reached skill level 1 in Evocations
  7061 | D:6      | Reached XP level 9. HP: 65/79 MP: 8/8
  8887 | D:7      | Noticed Menkaure
  8891 | D:7      | Killed Menkaure
  9084 | D:7      | Found a runed translucent gate.
  9084 | D:7      | Found a runed translucent gate.
  9084 | D:7      | Found a runed translucent gate.
  9085 | D:7      | Noticed lukano's ghost (novice MiBe)
  9086 | D:7      | Noticed a centaur warrior
  9295 | D:7      | Found Xerrycs's CLEARANCE SALE! EVERYTHING MUST GO!.
  9783 | D:8      | Noticed a two-headed ogre
  9802 | D:8      | Killed a two-headed ogre
  9803 | D:8      | Reached XP level 10. HP: 90/90 MP: 9/9
 11166 | D:9      | Noticed a two-headed ogre
 11175 | D:9      | Killed a two-headed ogre
 12065 | D:9      | Noticed a two-headed ogre
 12080 | D:9      | Killed a two-headed ogre
 12081 | D:9      | Reached skill level 5 in Evocations
 12081 | D:9      | Reached XP level 11. HP: 97/97 MP: 10/10
 12441 | D:10     | Entered Level 10 of the Dungeon
 12462 | D:10     | Found a flagged portal.
 12473 | Bailey   | Entered a bailey
 13920 | D:10     | Noticed a two-headed ogre
 13929 | D:10     | Killed a two-headed ogre
 14049 | D:10     | Found a staircase to the Lair.
 14180 | D:10     | Reached skill level 10 in Fighting
 14680 | D:10     | Noticed a two-headed ogre
 14692 | D:10     | Killed a two-headed ogre
 14693 | D:10     | Reached skill level 10 in Axes
 14992 | D:10     | Found a large runed translucent door.
 14992 | D:10     | Found a large runed translucent door.
 14999 | D:10     | Noticed a skeletal warrior
 14999 | D:10     | Noticed a skeletal warrior
 14999 | D:10     | Noticed a skeletal warrior
 15304 | Lair:1   | Entered Level 1 of the Lair of Beasts
 15324 | Lair:1   | Acquired a ring of see invisible
 15514 | Lair:1   | Reached skill level 10 in Armour
 17426 | Lair:2   | Noticed a boulder beetle
 17448 | Lair:2   | Killed a boulder beetle
 17448 | Lair:2   | Received a gift from Trog
 18203 | Lair:2   | Noticed an oklob plant
 18216 | Lair:2   | Reached XP level 12. HP: 34/108 MP: 11/11
 19228 | D:11     | Noticed a centaur warrior
 19239 | D:11     | Killed a centaur warrior
 20465 | D:11     | Reached skill level 10 in Shields
 20475 | D:11     | Identified the +9 trident "Lezo" {antimagic, *Noise rC+ rN+
                  | Int+2}
 20793 | D:12     | Found a staircase to the Orcish Mines.
 20793 | D:12     | Noticed Jorgrun
 20861 | D:12     | Noticed a two-headed ogre
 20892 | D:11     | HP: 5/110 [Jorgrun (5)]
 20893 | D:11     | Killed from afar by Jorgrun

Illustrated notes

Levels and vault maps discovered:
D:1:      dpeg_arrival_chambers_temple_mockup, layout_loops_ring, serial_shops,
          nicolae_square_shop, minmay_tetromino_o4
D:2:      layout_basic, grunt_decor_cap, uniq_natasha
D:3:      layout_basic, nicolae_qazlal_style_of_elements,
          cheibrodos_sewer_entry_bend
D:4:      layout_loops_ring, general_overflow_altar, jmf_multi_god_temple,
          temple_statues, minmay_ruptured
D:5:      layout_cave_pools, minmay_misc_feat_square, nicolae_sextant,
          kennysheep_generic_room_13
D:6:      layout_cave_pools, st_stairs_2, hangedman_decor_lopped
D:7:      layout_rooms, gammafunk_ghost_split, nicolae_shop_clearance,
          uniq_menkaure
D:8:      layout_cave_pools
D:9:      layout_long_grid
D:10:     layout_long_grid, jmf_multi_god_temple2, minmay_lair_entry_grove,
          enter_bailey_2
D:11:     layout_irregular_city, kennysheep_potato
D:12:     layout_rooms, david_orc_2, billiards_dpeg, uniq_jorgrun, uniq_nessos,
          uniq_fannar
Lair:1:   layout_chaotic_city
Lair:2:   layout_gridlike, serial_bayou_pond_c, grunt_megastairs_1,
          minmay_lair_oklob_chamber, lemuel_fruit_fields,
          infiniplex_staircase_pool_2

Skill      XL: |  1  2  3  4  5  6  7  8  9 10 11 12 |
---------------+-------------------------------------+-----
Fighting       | 4 5 6 7 8 9 10 11 | 11.1
Axes           | 4 5 6 7 8 9 10 11 | 11.0
Armour         | 3 4 5 6 8 9 10 | 10.9
Dodging        | 3 4 5 6 7 8 9 |  9.9
Shields        | 1 2 4 5 6 8 9 10 | 10.1
Evocations     | 1 3 5 6 |  6.8

Action                   |  1- 3 |  4- 6 |  7- 9 | 10-12 || total
-------------------------+-------+-------+-------+-------++-------
Melee: Hand axe          |    92 |   215 |   126 |       ||   433
       Headbutt          |    11 |    37 |    60 |   102 ||   210
       War axe           |       |       |   219 |       ||   219
       Broad axe         |       |       |    21 |   542 ||   563
Invok: Berserk           |     1 |     1 |     4 |    13 ||    19
       Trog's Hand       |       |     1 |     1 |     5 ||     7
       Brothers in Arms  |       |       |       |     4 ||     4
Evoke: Wand              |       |       |     2 |       ||     2
  Use: Scroll            |       |       |     7 |     8 ||    15
       Potion            |       |       |       |     3 ||     3
 Stab: Sleeping          |     1 |       |       |       ||     1
Armor: Animal skin       |    15 |       |       |       ||    15
       Ring mail         |     9 |    70 |       |       ||    79
       Chain mail        |       |    17 |   141 |       ||   158
       Plate armour      |       |       |    70 |   324 ||   394
Dodge: Dodged            |    69 |   154 |   153 |   236 ||   612
       Repelled          |       |       |       |     7 ||     7
Block: Buckler           |       |    46 |    63 |       ||   109
       Kite shield       |       |       |    61 |   395 ||   456
